AoeStats
← PLEASE, PLEASE, PLEASE

African Clearing

511510855Analyzed
4v4 RM · 8d ago on Oct 5, 2026· 40m 49s· 8 players
Game mode
Random Map
Map size
Large (8 player)
Population
200
Speed
Normal
Resources
Standard
Victory
Conquest
Starting age
Dark Age
Ending age
Imperial Age
RankedLock teamsTeams togetherTeam positionsShared explorationLock speedFull tech treeHidden civsTurbo modeCheats
Victory
Defeat
🇨🇳 Mongols · China
1290
+15
🇰🇷 Armenians · South Korea
1266
+16
🇨🇳 Poles · China
1225
+18
🇹🇼 Japanese · Taiwan
1204
+19
vs
🇨🇳 Khmer · China
1293
-18
🇨🇳 Portuguese · China
1286
-18
🇨🇳 Koreans · China
1257
-17
🇨🇳 Franks · China
1221
-15
逗你玩
6:12 Loom
13:44 Feudal Age
18:08 Castle Age
16:58 Bloodlines
16:43 Double-Bit Axe
17:31 Horse Collar
18:23 Bloodlines
18:52 Heavy Plow
20:14 Bow Saw
28:13 Fletching
29:22 Pikeman
30:13 Forging
31:12 Scale Mail Armor
31:09 Bodkin Arrow
33:00 Iron Casting
32:40 Chain Mail Armor
39:56 Imperial Age
38:48 Scale Barding Armor
39:29 Husbandry
40:06 Szlachta Privileges
41:04 Conscription
40:08 Cavalier
PLEASE, PLEASE, PLEASE
5:18 Loom
13:41 Feudal Age
13:48 Man-at-Arms
14:42 Arson
14:45 Long Swordsman
14:55 Long Swordsman
25:29 Scale Mail Armor
33:16 Castle Age
34:18 Chain Mail Armor
33:26 Two-Handed Swordsman
33:55 Gambesons
38:52 Double-Bit Axe
39:03 Horse Collar
39:44 Squires
39:58 Forging
39:44 Pikeman
ALmotema
6:31 Loom
14:17 Feudal Age
14:46 Double-Bit Axe
18:58 Castle Age
18:32 Fletching
18:56 Bloodlines
20:11 Bow Saw
22:37 Wheelbarrow
28:18 Bodkin Arrow
28:35 Gold Mining
29:29 Padded Archer Armor
29:40 Fishing Lines
31:36 Hand Cart
31:31 Husbandry
32:20 Ballistics
32:05 Stone Mining
32:09 Gillnets
35:20 Leather Archer Armor
38:33 Imperial Age
37:16 Thumb Ring
38:31 Gold Shaft Mining
39:15 Bracer
40:17 Chemistry
39:49 Ring Archer Armor
40:33 Two-Man Saw
39:45 Treadmill Crane
39:46 Heavy Cavalry Archer
顶呱呱
9:18 Loom
11:58 Feudal Age
20:43 Town Watch
20:56 Double-Bit Axe
21:15 Fletching
30:18 Castle Age
29:32 Stone Mining
31:26 Wheelbarrow
32:53 Bow Saw
32:32 Horse Collar
35:39 Heavy Plow
40:16 Imperial Age
37:56 Gold Mining
39:06 Hand Cart
39:15 Padded Archer Armor
39:46 Ballistics
41:11 Stone Shaft Mining
41:13 Gold Shaft Mining
40:42 Bodkin Arrow
XZ.Lumber.AX
3:26 Loom
13:46 Feudal Age
17:48 Castle Age
16:12 Double-Bit Axe
16:25 Horse Collar
21:12 Bow Saw
26:26 Heavy Plow
27:30 Gold Mining
29:04 Stone Mining
29:55 Husbandry
31:06 Wheelbarrow
30:53 Bloodlines
不知天上水
4:12 Loom
15:35 Feudal Age
19:01 Stone Mining
26:44 Castle Age
阿酷丶
4:08 Loom
12:53 Feudal Age
18:53 Castle Age
17:02 Double-Bit Axe
19:04 Wheelbarrow
27:00 Gold Mining
27:56 Bow Saw
31:41 Scale Barding Armor
35:13 Chain Barding Armor
35:04 Forging
37:16 Hand Cart
老k
4:55 Loom
14:09 Feudal Age
22:13 Castle Age
22:14 Town Watch
26:34 Fletching
27:33 Crossbowman
28:15 Double-Bit Axe
29:31 Bodkin Arrow
31:32 Elite Skirmisher
32:16 Padded Archer Armor
37:21 Imperial Age
35:40 Bow Saw
Connection lost

Rejoining the realm…

Still unreachable

The connection could not be restored.

Session expired

The server has moved on; the page needs a fresh start.